 Dungeon Crawl Stone Soup version 0.31-a0-672-g7da72447bb (webtiles) character file.

Game seed: 16901472050066668767

803 Tauromancer the Cudgeller (level 8, -3/150 HPs)
             Began as a Meteoran Cinder Acolyte on Sept 5, 2023.
             Was a Priest of Ignis.
             Slain by a gnoll sergeant
             ... wielding a +0 spear
              (6 damage)
             ... on level 6 of the Dungeon.
             The game lasted 00:21:31 (3304 turns).

Tauromancer the Cudgeller (Meteoran Cinder Acolyte) Turns: 3304, Time: 00:21:31

Health: -3/150     AC: 24    Str: 13 (16) XL:     8   Next: 36%
Magic:  4/14       EV:  2    Int: 21 (23) God:    Ignis [***...]
Gold:   302        SH: 10    Dex:  9 (10) Spells: 10/14 levels left

rFire   + . .        b - +4 flail
rCold   . . .        i - +2 kite shield
rNeg    . . .        p - melded +0 robe
rPois   +            (helmet currently unavailable)
rElec   .            j - melded +0 cloak
rCorr   .            (gloves currently unavailable)
SInv    .            (boots currently unavailable)
Will    +....        (no amulet) Stlth
                     l - +5 ring of evasion
HPRegen 0.45/turn    m - +6 ring of intelligence
MPRegen 0.14/turn

%: no passive effects
@: berserking (expiring), tree-form, attractive, glowing, very quick
A: stationary, stasis, torment immunity, boosted hp, sense surroundings 1,
otherworldly, glowing, explore regen
a: Renounce Religion, Fiery Armour, Foxfire Swarm, Rising Flame


You were on level 6 of the Dungeon.
You worshipped Ignis.
Ignis was most pleased with you.
You were a tree.
You visited 1 branch of the dungeon, and saw 6 of its levels.

You collected 302 gold pieces.

Inventory:

Hand Weapons
 a - a -1 mace of flaming
 b - a +4 flail (weapon)
Armour
 i - a +2 kite shield (worn)
 j - a +0 cloak (melded)
 p - a +0 robe (melded)
Jewellery
 l - a +5 ring of evasion (left branch)
 m - a +6 ring of intelligence (right branch)
 v - a +5 ring of evasion
Wands
 r - a wand of roots (8)
Scrolls
 f - a scroll of teleportation
 k - 2 scrolls of blinking {unknown}
 s - a scroll of revelation {unknown}
Potions
 d - a potion of curing
 g - 2 potions of magic
 h - a potion of might {unknown}
 o - a potion of ambrosia {unknown}
 u - a potion of heal wounds {unknown}


   Skills:
 + Level 4.9 Fighting
 + Level 5.7 Maces & Flails
 + Level 3.3 Dodging
 * Level 4.1 Shields
 + Level 3.9 Spellcasting
 + Level 1.2 Translocations
 + Level 5.2 Fire Magic
 + Level 1.2 Evocations


You had 10 spell levels left.
You knew the following spells:

 Your Spells              Type           Power      Damage    Failure   Level
a - Scorch                Fire           52%        2d7       7%          2
b - Blink                 Tloc           18%        N/A       34%         2

Your spell library contained the following spells:

 Spells                   Type           Power      Damage    Failure   Level
 Lesser Beckoning         Tloc           18%        N/A       34%         2
 Momentum Strike          Conj/Tloc      12%        3d8       43%         2
 Portal Projectile        Hex/Tloc       12%        N/A       67%         3
 Ozocubu's Armour         Ice            4%         N/A       77%         3
 Summon Guardian Golem    Hex/Summ       4%         N/A       77%         3
 Tukima's Dance           Hex            4%         N/A       77%         3
 Iskenderun's Mystic Bla  Conj/Tloc      6%         2d4       97%         4
 Orb of Destruction       Conj           2%         9d5       100%        7
 Ozocubu's Refrigeration  Ice            2%         4d7       100%        7
 Spellforged Servitor     Conj/Summ      2%         N/A       100%        7


Dungeon Overview and Level Annotations

Branches:
Dungeon (6/15) Zot: 214    Temple (0/1) D:4

Altars:
Cheibriados
Elyvilon

Shops:
D:6 *(


Innate Abilities, Weirdness & Mutations

You are a tree.
Your roots penetrate the ground, keeping you stationary.
You cannot be teleported.
You are immune to unholy pain and torment.
Your maximum health is greatly increased.
Your equipment is partially melded.
You passively map a small area around you.
You are easily found by Zot.
You glow in the dark.
You regain HP and MP as you explore.


Message History

You block the vampire's attack.
You hit the vampire.
The vampire is severely damaged.
The gnoll sergeant hits you but does no damage.
You block the vampire's attack. The vampire bites you.
* * * LOW HITPOINT WARNING * * *
The vampire draws strength from your injuries!
You closely miss the vampire.
The vampire is severely damaged.
The gnoll sergeant hits you but does no damage.
The vampire barely misses you. You block the vampire's attack.
You barely miss the vampire.
The vampire is severely damaged.
The gnoll sergeant hits you but does no damage.
The vampire hits you but does no damage.
The vampire bites you but does no damage.
You bludgeon the vampire!!
You destroy the vampire!
The gnoll sergeant hits you from afar with a +0 spear.
* * * LOW HITPOINT WARNING * * *
The gnoll sergeant is attracted toward you.
You feel your intelligence returning.
Your Shields skill increases to level 4!
Your Translocations skill increases to level 1!
Your Evocations skill increases to level 1!
You are too berserk!
You barely miss the gnoll sergeant.
The gnoll sergeant is lightly wounded.
The gnoll sergeant barely misses you. The gnoll sergeant blocks your attack.
The gnoll sergeant is lightly wounded.
You barely miss the gnoll sergeant.
The gnoll sergeant is lightly wounded.
You block the gnoll sergeant's attack.
The gnoll hits you from afar with a +2 heavy halberd.
* * * LOW HITPOINT WARNING * * *
You hit the gnoll sergeant.
The gnoll sergeant is lightly wounded.
The gnoll sergeant hits you with a +0 spear.
You die...

.# #....# * , .#
######.###*# , * .#
#......# *.# * * ,, .#
#.###### #. * , * .# #.#
** .#### *, .###.##
*,.... * * .##...#####
#Cg,* ...........# #g#
.##...####.# #♣# *
.###.## #)# * .# #.# #.#
#)# * * * , .# #.# #.#
#.# , .# #.# #.# #.# * *
.# #.# #.# #.#
.###.#####.## #.#
............####.#######
*
####.#####..##..........


You could see a cyclops, a gnoll sergeant and a gnoll.

Vanquished Creatures
  A vampire (D:6)
  A black bear (D:5)
  A bullfrog (D:6)
  2 scorpions (D:5)
  A gnoll bouda (D:4)
  2 hounds
  An orc priest (D:4)
  Natasha (twice) (D:2)
  7 gnolls
  7 adders
  A worm (D:2)
  2 dart slugs (D:3)
  9 orcs
  11 ball pythons
  2 bats
  7 endoplasms
  6 giant cockroaches
  2 goblins (D:4)
  5 hobgoblins
  3 quokkas
  4 frilled lizards
  2 kobolds
  2 rats
81 creatures vanquished.

Vanquished Creatures (others)
  13 foxfires (D:2)
13 creatures vanquished.

Grand Total: 94 creatures vanquished

Notes
Turn   | Place    | Note
-------+----------+-------------------------------------------
     0 | D:1      | Tauromancer the Meteoran Cinder Acolyte began the quest for
                  | the Orb.
     0 | D:1      | Reached XP level 1. HP: 19/19 MP: 3/3
   158 | D:1      | Found a faded altar of an unknown god.
   336 | D:1      | Reached XP level 2. HP: 23/26 MP: 3/5
   344 | D:1      | Learned a level 2 spell: Scorch
   495 | D:1      | Glimpsed the power of Zot.
   547 | D:2      | Reached XP level 3. HP: 29/31 MP: 6/6
   574 | D:2      | Noticed Natasha
   581 | D:2      | Killed Natasha
   582 | D:2      | Reached skill level 1 in Dodging
   582 | D:2      | Reached XP level 4. HP: 22/40 MP: 2/8
   908 | D:2      | Noticed Natasha
   915 | D:2      | Killed Natasha
   916 | D:2      | Reached XP level 5. HP: 38/46 MP: 4/9
   944 | D:2      | Reached skill level 1 in Shields
  1076 | D:2      | Glimpsed the power of Zot.
  1187 | D:3      | Found a snail-covered altar of Cheibriados.
  1638 | D:3      | Found a white marble altar of Elyvilon.
  1652 | D:3      | Glimpsed the power of Zot.
  1774 | D:4      | Reached XP level 6. HP: 43/52 MP: 6/11
  1813 | D:4      | Reached skill level 5 in Maces & Flails
  1899 | D:4      | Learned a level 2 spell: Scorch
  2058 | D:4      | Found a staircase to the Ecumenical Temple.
  2235 | D:4      | Glimpsed the power of Zot.
  2285 | D:4      | Glimpsed the power of Zot.
  2324 | D:5      | Entered Level 5 of the Dungeon
  2441 | D:5      | Reached XP level 7. HP: 60/60 MP: 9/12
  2823 | D:5      | Learned a level 2 spell: Blink
  2827 | D:5      | Glimpsed the power of Zot.
  2892 | D:6      | Reached skill level 5 in Fire Magic
  2894 | D:6      | Found Leottuifiy's Antique Weapon Boutique.
  2911 | D:6      | Reached XP level 8. HP: 66/67 MP: 14/14
  2933 | D:6      | Found Umifup's Mail-Order Catalogue.
  3266 | D:6      | Noticed a vampire
  3282 | D:6      | Noticed a cyclops
  3297 | D:6      | HP: 7/150 [vampire (5)]
  3300 | D:6      | Killed a vampire
  3301 | D:6      | Reached skill level 1 in Translocations
  3301 | D:6      | Reached skill level 1 in Evocations
  3303 | D:6      | HP: 3/150 [gnoll/+2 heavy halberd (6)]
  3304 | D:6      | Slain by a gnoll sergeant

Illustrated notes

Levels and vault maps discovered:
D:1:      evilmike_arrival_rings, layout_loops_ring,
          hellmonk_ecumenical_altar_pennies_from_heaven, patterned_corridor
D:2:      layout_loops_cross, uniq_natasha, uniq_sigmund
D:3:      layout_loops_ring, nicolae_elyvilon_peaceful_grove,
          mainiacjoe_overflow_concentric_impassable, minmay_hedge_maze,
          chequers_big_river, hellmonk_no_cap
D:4:      layout_basic, minmay_temple_entry_offerings, portal_sewer_entry_d,
          feat_on_display
D:5:      layout_rooms, nrook_mini_backslash
D:6:      minmay_cornered_nines, layout_loops_ring,
          nicolae_tso_swordbearing_angel, serial_shops, nicolae_take_the_stairs,
          monkooky_shop_mail_order

Skill      XL: |  1  2  3  4  5  6  7  8 |
---------------+-------------------------+-----
Dodging        | 1 2 3 |  3.3
Spellcasting   | 2 3 |  3.9
Fire Magic     | 4 5 |  5.2
Shields        | 1 2 3 4 |  4.1
Fighting       | 4 |  4.9
Maces & Flails | 5 |  5.7
Translocations | 1 |  1.2
Evocations     | 1 |  1.2

Action                     |  1- 3 |  4- 6 |  7- 9 || total
---------------------------+-------+-------+-------++-------
  Melee: Mace              |    28 |   144 |       ||   172
         Flail             |       |    24 |    70 ||    94
  Throw: Throwing net      |       |       |     1 ||     1
   Cast: Scorch            |     2 |    16 |     9 ||    27
 Invoke: Fiery Armour      |       |     5 |     1 ||     6
         Foxfire Swarm     |       |     1 |       ||     1
    Use: Scroll            |       |     6 |     2 ||     8
         Potion            |       |       |     5 ||     5
 Armour: Robe              |    21 |    71 |    33 ||   125
         Skin              |       |       |    24 ||    24
  Dodge: Dodged            |    21 |   114 |    53 ||   188
  Block: Kite shield       |       |    57 |    60 ||   117

Table legend: (Time is in decaauts)
 A = Elapsed time spent in this place.
 B = Non-inter-level travel time spent in this place.
 C = Inter-level travel time spent in this place.
 D = Time resting spent in this place.
 E = Time spent auto-exploring this place.
 F = Levels seen in this place.
 G = Mean time per level.
                   A        B        C        D        E       F      G
               +--------+--------+--------+--------+--------+-----+--------+
         Total |   3384 |   3212 |    172 |    100 |   2363 |   6 |  564.0 |
       Dungeon |   3384 |   3212 |    172 |    100 |   2363 |   6 |  564.0 |
               +--------+--------+--------+--------+--------+-----+--------+

Top non-repeatable levels by time:
     D:4: 667 daAuts
     D:2: 600 daAuts
     D:3: 573 daAuts
     D:1: 546 daAuts
     D:5: 518 daAuts
     D:6: 477 daAuts
